 Dungeon Crawl Stone Soup version 0.22.0-49-gab54619 (webtiles) character file.

348 Loudmushroom the Skirmisher (level 6, 0/39 HPs)
             Began as a Gargoyle Fighter on Sept 4, 2018.
             Slain by a slave (3 damage)
             ... led by Pikel
             ... on level 4 of the Dungeon.
             The game lasted 00:19:37 (3992 turns).

Loudmushroom the Skirmisher (Gargoyle Fighter)      Turns: 3992, Time: 00:19:37

Health: 0/39       AC: 16    Str: 21    XL:     6   Next: 60%
Magic:  6/6        EV:  5    Int:  9    God:
Gold:   175        SH:  9    Dex:  9    Spells: 5/5 levels left

rFire    . . .     SeeInvis .   a - +0 war axe
rCold    . . .     Gourm    .   c - +0 shield
rNeg     + . .     Faith    .   m - +0 chain mail
rPois    ∞         Spirit   .   q - +0 helmet
rElec    +         Reflect  .   (no cloak)
rCorr    .         Harm     .   (no gloves)
MR       .....                  v - +0 pair of boots
Stlth    ..........             (no amulet)
HPRegen  0.13/turn              (no ring)
MPRegen  0.10/turn              (no ring)

@: no status effects
A: negative energy resistance 1, electricity resistance, unbreathing,
petrification resistance, rot immunity, AC +4
a: no special abilities


You were on level 4 of the Dungeon.
You were not hungry.

You visited 1 branch of the dungeon, and saw 4 of its levels.

You collected 175 gold pieces.

Inventory:

Hand Weapons
 a - a +0 war axe (weapon)
 j - a +0 mace
 x - a +0 spear
 y - a +1 mace of holy wrath
Missiles
 g - 90 stones (quivered)
 i - 32 bolts
 l - 8 curare-tipped needles
 p - 41 sling bullets
 s - a throwing net
 t - 17 poisoned needles
Armour
 c - a +0 shield (worn)
 m - a +0 chain mail (worn)
 q - a +0 helmet (worn)
 v - a +0 pair of boots (worn)
 F - a +0 scale mail of magic resistance
Jewellery
 b - an uncursed ring of positive energy {unknown}
 h - an uncursed amulet of guardian spirit {unknown}
 u - an uncursed ring of stealth {unknown}
 E - a cursed ring of teleportation {unknown}
 G - an uncursed ring of positive energy {unknown}
 I - a cursed +4 ring of dexterity {unknown}
Wands
 A - a wand of disintegration (16)
Scrolls
 e - 5 scrolls of identify {unknown}
 k - 4 scrolls of enchant weapon {unknown}
 o - 3 scrolls of blinking {unknown}
 r - a scroll of enchant armour {unknown}
 C - 2 scrolls of magic mapping {unknown}
 D - a scroll of random uselessness {unknown}
 H - a scroll of fog {unknown}
 J - a scroll of noise {unknown}
 L - a scroll of teleportation {unknown}
Potions
 d - 2 potions of might
 n - 3 potions of curing {unknown}
 w - a potion of brilliance {unknown}
 z - a potion of magic {unknown}
 B - 3 potions of haste {unknown}
Comestibles
 f - 4 rations


   Skills:
 + Level 4.7 Fighting
 * Level 3.7 Axes
 + Level 4.7 Armour
 + Level 4.7 Shields


You had 5 spell levels left.
You didn't know any spells.
Your spell library was empty.

Dungeon Overview and Level Annotations

Branches:
Dungeon (4/15)
 Temple: D:4-7

Altars:
Xom

Annotations:
D:4 Pikel


Innate Abilities, Weirdness & Mutations

You are resistant to torment.
Your stone body is resilient. (AC +4)
You are immune to poison.
You resist negative energy. (rN+)
You are resistant to electric shocks. (rElec)
You can survive without breathing.
You are immune to petrification.
You are immune to rotting.


Message History

Pikel says, "You'll fetch a fair price!"
Pikel hits you but does no damage. You block the slave's attack.
Your shield prevents you from hitting Pikel.
Pikel is severely wounded.
You hit the slave. Pikel hits you but does no damage. The slave hits you.
* * * LOW HITPOINT WARNING * * *
You hit Pikel but do no damage.
Pikel is severely wounded.
You closely miss the slave.
You hear the rapid rusting of a distant drain.
You block Pikel's attack. The slave hits you but does no damage.
Pikel hits you but does no damage. The slave hits you but does no damage.
You hit Pikel.
Pikel is severely wounded.
You barely miss the slave. Pikel hits you but does no damage.
The slave hits you but does no damage.
You hit Pikel.
Pikel is almost dead.
You miss the slave. Pikel hits you but does no damage. The slave hits you.
You die...

..# ### ####.## #.#
##.## #.# #.#
##...#########.# #.#
#............#.## #.#
##...#######.#... ##.##
#..... ##.## #.....
#########.#.#######.###.
......[@.###........ #.
.....)Kp#.#...#####.###.
..#####.##.#..# #.....
###.##.#..# ###.##
.........# #.....
#.##.##.## #.....
#.##.##.######.....
####.............#....
...........######.....


You could see Pikel and a slave.

Vanquished Creatures
  Grinder (D:4)
  3 slaves (D:4)
  3 gnolls
  5 adders
  A worm (D:3)
  A dart slug (D:3)
  3 leopard geckos
  9 orcs
  5 giant cockroaches (D:1)
  7 goblins
  3 hobgoblins
  9 kobolds
  3 ball pythons
  5 bats
  2 frilled lizards
  A quokka skeleton (D:4)
  5 rats
66 creatures vanquished.

Notes
Turn   | Place    | Note
-------+----------+-------------------------------------------
     0 | D:1      | Loudmushroom the Gargoyle Fighter began the quest for the
                  | Orb.
     0 | D:1      | Reached XP level 1. HP: 14/14 MP: 1/1
   122 | D:1      | Found a shimmering altar of Xom.
   158 | D:1      | Reached XP level 2. HP: 11/19 MP: 2/2
  1218 | D:2      | Reached XP level 3. HP: 13/24 MP: 3/3
  2463 | D:2      | Reached XP level 4. HP: 27/29 MP: 4/4
  2967 | D:3      | Reached XP level 5. HP: 32/33 MP: 5/5
  3387 | D:4      | Noticed Grinder
  3403 | D:4      | Paralysed by Grinder for 4 turns
  3410 | D:4      | Paralysed by Grinder for 6 turns
  3419 | D:4      | Killed Grinder
  3419 | D:4      | Reached XP level 6. HP: 23/39 MP: 6/6
  3958 | D:4      | Noticed a slave
  3958 | D:4      | Noticed a slave
  3959 | D:4      | Noticed a slave
  3959 | D:4      | Noticed a slave
  3960 | D:4      | Noticed Pikel
  3968 | D:4      | Killed a slave
  3974 | D:4      | Killed a slave
  3981 | D:4      | Killed a slave
  3992 | D:4      | Slain by a slave

Skill      XL: |  1  2  3  4  5 |
---------------+----------------+-----
Axes           | 2 3 |  3.7
Fighting       | 4 |  4.7
Shields        | 4 |  4.7
Armour         | 4 |  4.7

Action                   |  1- 3 |  4- 6 || total
-------------------------+-------+-------++-------
Melee: War axe           |   103 |   163 ||   266
  Eat: Chunk             |     2 |     5 ||     7
       Ration            |     1 |       ||     1
Armor: Scale mail        |    17 |       ||    17
       Chain mail        |    51 |   158 ||   209
Dodge: Dodged            |    27 |    38 ||    65
Block: Shield            |    59 |   107 ||   166
